3AAA
GRYFINDOR BRAVES @ WARWICK HUNCHBACKS
09/03/2017
 
TOP OF THE 1ST
Gryfindor Braves batting - Pitching for Warwick Hunchbacks : RHP Willie Cameron
Pitching: RHP Willie Cameron
Batting: RHB Jim Unknown 0-0: Called Strike
0-1: Swinging Strike
0-2: Strikes out swinging
Batting: RHB Jim Unknown 0-0: Ball
1-0: Called Strike
1-1: Foul Ball, location: 2F
1-2: Ball
2-2: Ball
3-2: SINGLE (Flyball, 8RS)
Batting: RHB Manuel González 0-0: Swinging Strike
0-1: Ball
1-1: Foul Ball, location: 2F
1-2: Ball
2-2: Strikes out looking
Batting: RHB Jim Unknown 0-0: Ball
1-0: 2-RUN HOME RUN (Line Drive, 9LD), Distance : 343 ft
Batting: RHB Kyle Wilson 0-0: SINGLE (Line Drive, 9LS)
Batting: LHB Jim Unknown 0-0: Called Strike
0-1: Foul Ball, location: 2F
0-2: Ball
1-2: Ball
2-2: Foul Ball, location: 2F
2-2: Strikes out looking
Top of the 1st over - 2 run(s), 3 hit(s), 0 error(s), 1 left on base; Gryfindor 2 - Warwick 0
BOTTOM OF THE 1ST
Warwick Hunchbacks batting - Pitching for Gryfindor Braves : RHP Max Moore
Pitching: RHP Max Moore
Batting: LHB Tony Nichols 0-0: Ball
1-0: Called Strike
1-1: Foul Ball, location: 2F
1-2: Ground out 4-3 (Groundball, 4M)
Batting: RHB Chris Riles 0-0: Called Strike
0-1: Called Strike
0-2: Ball
1-2: Foul Ball, location: 2F
1-2: Ball
2-2: Strikes out swinging
Batting: RHB Nick McKnight 0-0: Ground out 6-3 (Groundball, 6M)
Bottom of the 1st over - 0 run(s), 0 hit(s), 0 error(s), 0 left on base; Gryfindor 2 - Warwick 0
TOP OF THE 2ND
Gryfindor Braves batting - Pitching for Warwick Hunchbacks : RHP Willie Cameron
Batting: RHB Jim Unknown 0-0: Called Strike
0-1: Swinging Strike
0-2: Foul Ball, location: 2F
0-2: Strikes out swinging
Batting: RHB Jim Unknown 0-0: Ball
1-0: Foul Ball, location: 2F
1-1: Ground out 6-3 (Groundball, 6)
Batting: RHB José Casarreal 0-0: Called Strike
0-1: Ball
1-1: Foul Ball, location: 2F
1-2: DOUBLE (Groundball, 3D)
Batting: RHB Jim Unknown 0-0: Called Strike
0-1: Ball
1-1: Called Strike
1-2: Foul Ball, location: 2F
1-2: Ball
2-2: Foul Ball, location: 2F
2-2: Foul Ball, location: 2F
2-2: Ball
3-2: Ground out 6-3 (Groundball, 6)
Top of the 2nd over - 0 run(s), 1 hit(s), 0 error(s), 1 left on base; Gryfindor 2 - Warwick 0
BOTTOM OF THE 2ND
Warwick Hunchbacks batting - Pitching for Gryfindor Braves : RHP Max Moore
Batting: LHB Ted Cracknell 0-0: Called Strike
0-1: SINGLE (Groundball, 34D)
Batting: RHB Julián Rocha 0-0: Ball
1-0: Called Strike
1-1: Fly out, F8 (Popup, 6D)
Batting: RHB Freddy Scott 0-0: Ball
1-0: Swinging Strike
1-1: Foul Ball, location: 2F
1-2: DOUBLE (Flyball, 9D)
Ted Cracknell to third
Batting: LHB Ron Wallace 0-0: Ball
1-0: Ball
2-0: SINGLE (Flyball, 7LS)
Ted Cracknell scores
Freddy Scott to third
Batting: RHB Jim Browning 0-0: Ball
1-0: Foul Ball, location: 2F
1-1: Ball
2-1: Foul Ball, location: 2F
2-2: Foul Ball, location: 2F
2-2: Foul Ball, location: 2F
2-2: Strikes out swinging
Batting: LHB Javier Pérez 0-0: Ball
1-0: Called Strike
1-1: Called Strike
1-2: Strikes out swinging
Bottom of the 2nd over - 1 run(s), 3 hit(s), 0 error(s), 2 left on base; Gryfindor 2 - Warwick 1
TOP OF THE 3RD
Gryfindor Braves batting - Pitching for Warwick Hunchbacks : RHP Willie Cameron
Batting: RHB Jim Unknown 0-0: Ball
1-0: Ball
2-0: Called Strike
2-1: Foul Ball, location: 2F
2-2: Fly out, F4 (Popup, 3D)
Batting: RHB Manuel González 0-0: Foul Ball, location: 2F
0-1: Ball
1-1: Ball
2-1: Foul Ball, location: 2F
2-2: Foul Ball, location: 2F
2-2: Ball
3-2: Strikes out looking
Batting: RHB Jim Unknown 0-0: Ball
1-0: Called Strike
1-1: Fly out, F9 (Flyball, 9LM)
Top of the 3rd over - 0 run(s), 0 hit(s), 0 error(s), 0 left on base; Gryfindor 2 - Warwick 1
BOTTOM OF THE 3RD
Warwick Hunchbacks batting - Pitching for Gryfindor Braves : RHP Max Moore
Batting: LHB Tony Nichols 0-0: Fly out, F8 (Flyball, 78S)
Batting: RHB Chris Riles 0-0: Called Strike
0-1: Foul Ball, location: 2F
0-2: Ground out 5-3 (Groundball, 56)
Batting: RHB Nick McKnight 0-0: Foul Ball, location: 2F
0-1: Ball
1-1: Ball
2-1: Foul Ball, location: 2F
2-2: Ball
3-2: Base on Balls
Batting: LHB Ted Cracknell 0-0: Fielders Choice at 2nd, U6 (Groundball, 6M)
Bottom of the 3rd over - 0 run(s), 0 hit(s), 0 error(s), 1 left on base; Gryfindor 2 - Warwick 1
TOP OF THE 4TH
Gryfindor Braves batting - Pitching for Warwick Hunchbacks : RHP Willie Cameron
Batting: RHB Kyle Wilson 0-0: Ground out 6-3 (Groundball, 6)
Batting: LHB Jim Unknown 0-0: Ball
1-0: Ball
2-0: Called Strike
2-1: Ball
3-1: Swinging Strike
3-2: Foul Ball, location: 2F
3-2: Strikes out looking
Batting: RHB Jim Unknown 0-0: Ground out 6-3 (Groundball, 6)
Top of the 4th over - 0 run(s), 0 hit(s), 0 error(s), 0 left on base; Gryfindor 2 - Warwick 1
BOTTOM OF THE 4TH
Warwick Hunchbacks batting - Pitching for Gryfindor Braves : RHP Max Moore
Batting: RHB Julián Rocha 0-0: Ball
1-0: Called Strike
1-1: Ball
2-1: DOUBLE (Line Drive, 7LS)
Batting: RHB Freddy Scott 0-0: SINGLE (Flyball, 8LS)
Julián Rocha to third
Batting: LHB Ron Wallace 0-0: Ball
1-0: Ball
2-0: Called Strike
2-1: Foul Ball, location: 2F
2-2: SINGLE (Line Drive, 56)
Julián Rocha scores
Freddy Scott to second
Batting: RHB Jim Browning 0-0: Foul Ball, location: 2F
0-1: Fly out, F7 (Flyball, 7M)
Batting: LHB Javier Pérez 0-0: Called Strike
0-1: Foul Ball, location: 2F
0-2: Foul Ball, location: 2F
0-2: Fly out, F8 (Flyball, 8LM)
Batting: LHB Tony Nichols 0-0: Ground out 3-1 (Groundball, 34S)
Bottom of the 4th over - 1 run(s), 3 hit(s), 0 error(s), 2 left on base; Gryfindor 2 - Warwick 2
TOP OF THE 5TH
Gryfindor Braves batting - Pitching for Warwick Hunchbacks : RHP Willie Cameron
Batting: RHB Jim Unknown 0-0: Ball
1-0: Ball
2-0: Ball
3-0: Base on Balls
Batting: RHB José Casarreal 0-0: Grounds into double play, 4-6-3 (Groundball, 4)
Batting: RHB Jim Unknown 0-0: Ball
1-0: Fly out, F3 (Popup, 3F)
Top of the 5th over - 0 run(s), 0 hit(s), 0 error(s), 0 left on base; Gryfindor 2 - Warwick 2
BOTTOM OF THE 5TH
Warwick Hunchbacks batting - Pitching for Gryfindor Braves : RHP Max Moore
Batting: RHB Chris Riles 0-0: Ball
1-0: Swinging Strike
1-1: Ball
2-1: Fly out, F4 (Popup, 4MD)
Batting: RHB Nick McKnight 0-0: Swinging Strike
0-1: Swinging Strike
0-2: Strikes out swinging
Batting: LHB Ted Cracknell 0-0: Ball
1-0: Fly out, F8 (Flyball, 8RS)
Bottom of the 5th over - 0 run(s), 0 hit(s), 0 error(s), 0 left on base; Gryfindor 2 - Warwick 2
TOP OF THE 6TH
Gryfindor Braves batting - Pitching for Warwick Hunchbacks : RHP Willie Cameron
Batting: RHB Jim Unknown 0-0: Fly out, F9 (Line Drive, 9S)
Batting: RHB Manuel González 0-0: Foul Ball, location: 2F
0-1: Ball
1-1: Ball
2-1: Fly out, F9 (Flyball, 89M)
Batting: RHB Jim Unknown 0-0: Swinging Strike
0-1: Ball
1-1: Foul Ball, location: 2F
1-2: SINGLE (Line Drive, 8LS)
Batting: RHB Kyle Wilson 0-0: Ball
1-0: Foul Ball, location: 2F
1-1: Swinging Strike
1-2: Ball
2-2: Strikes out swinging
Top of the 6th over - 0 run(s), 1 hit(s), 0 error(s), 1 left on base; Gryfindor 2 - Warwick 2
BOTTOM OF THE 6TH
Warwick Hunchbacks batting - Pitching for Gryfindor Braves : RHP Max Moore
Batting: RHB Julián Rocha 0-0: Foul Ball, location: 2F
0-1: Ball
1-1: Swinging Strike
1-2: Strikes out swinging passed ball, reaches first!
Pitching: RHP Mike Pinhey
Batting: RHB Freddy Scott 0-0: Ball
1-0: Ball
2-0: Foul Ball, location: 2F
2-1: Ball
3-1: DOUBLE (Line Drive, 78XD)
Julián Rocha to third
Batting: LHB Ron Wallace 0-0: Called Strike
0-1: Ball
1-1: Ball
2-1: Ground out 6-3 (Groundball, 6M)
Batting: RHB Jim Browning 0-0: Intentional Walk
Batting: LHB Javier Pérez 0-0: Called Strike
0-1: Swinging Strike
0-2: Ball
Wild Pitch!
Julián Rocha scores
Freddy Scott to third
Jim Browning to second
1-2: Foul Ball, location: 2F
1-2: Ground out 6-3 (Groundball, 6M)
Batting: LHB Tony Nichols 0-0: Ball
1-0: Called Strike
1-1: SINGLE (Groundball, 56D)
Freddy Scott scores
Jim Browning to third
Runner from 3rd tries for Home, SAFE, throw made home
Tony Nichols to second
Batting: RHB Chris Riles 0-0: SINGLE (Line Drive, 34D)
Tony Nichols to third
Runner from 3rd tries for Home, SAFE, no throw or cutoff
Pitching: RHP Sandro So Payo
Batting: RHB Nick McKnight 0-0: Ball
1-0: DOUBLE (Flyball, 7LM)
Chris Riles to third
Batting: LHB Ted Cracknell 0-0: Ball
1-0: SINGLE (Groundball, 13) (infield hit)
Chris Riles scores
Nick McKnight to third
Batting: RHB Julián Rocha 0-0: Ball
1-0: Foul Ball, location: 2F
1-1: Foul Ball, location: 2F
1-2: Ball
2-2: Ball
3-2: Base on Balls
Ted Cracknell to second
Batting: RHB Freddy Scott 0-0: Called Strike
0-1: SINGLE (Line Drive, 56D)
Nick McKnight scores
Ted Cracknell to third
Julián Rocha to second
Batting: LHB Ron Wallace 0-0: Ball
1-0: Called Strike
1-1: Ball
2-1: SINGLE (Flyball, 7S)
Ted Cracknell scores
Julián Rocha to third
Freddy Scott to second
Runner from 3rd tries for Home, SAFE, no throw or cutoff
Pitching: RHP Jamal White
Batting: RHB Jim Browning 0-0: Called Strike
0-1: SINGLE (Flyball, 8LS)
Freddy Scott to third
Ron Wallace to second
Batting: LHB Javier Pérez 0-0: Ball
1-0: Ball
2-0: Fly out, F7 (Flyball, 7LMF)
Bottom of the 6th over - 8 run(s), 8 hit(s), 0 error(s), 3 left on base; Gryfindor 2 - Warwick 10
TOP OF THE 7TH
Gryfindor Braves batting - Pitching for Warwick Hunchbacks : RHP Willie Cameron
Now at C: David Barrett
Batting: LHB Jim Unknown 0-0: Called Strike
0-1: Ball
1-1: Swinging Strike
1-2: Fly out, F9 (Flyball, 89D)
Batting: RHB Jim Unknown 0-0: Fly out, F7 (Flyball, 7LM)
Batting: RHB Jim Unknown 0-0: Foul Ball, location: 2F
0-1: Ball
1-1: Called Strike
1-2: Strikes out swinging
Top of the 7th over - 0 run(s), 0 hit(s), 0 error(s), 0 left on base; Gryfindor 2 - Warwick 10
BOTTOM OF THE 7TH
Warwick Hunchbacks batting - Pitching for Gryfindor Braves : RHP Jamal White
Batting: LHB Tony Nichols 0-0: Called Strike
0-1: Called Strike
0-2: Foul Ball, location: 2F
0-2: Ball
1-2: Ball
2-2: Ball
3-2: Base on Balls
Batting: RHB Chris Riles 0-0: Foul Ball, location: 2F
0-1: DOUBLE (Line Drive, 5D)
Tony Nichols to third
Batting: RHB Nick McKnight 0-0: Ball
1-0: Called Strike
1-1: Swinging Strike
1-2: Ball
2-2: Foul Ball, location: 2F
2-2: Ball
3-2: Foul Ball, location: 2F
3-2: Foul Ball, location: 2F
3-2: Foul Ball, location: 2F
3-2: Base on Balls
Batting: LHB Ted Cracknell 0-0: Called Strike
0-1: Grounds into double play, U6-3 (Groundball, 6M)
Tony Nichols scores
Chris Riles to third
Batting: RHB Julián Rocha 0-0: Ball
1-0: Foul Ball, location: 2F
1-1: SINGLE (Groundball, 6MD) (infield hit)
Chris Riles scores
Pitching: RHP Masaharu Suto
Batting: RHB Freddy Scott 0-0: Ball
1-0: Called Strike
1-1: Fly out, F9 (Flyball, 89S)
Bottom of the 7th over - 2 run(s), 2 hit(s), 0 error(s), 1 left on base; Gryfindor 2 - Warwick 12
TOP OF THE 8TH
Gryfindor Braves batting - Pitching for Warwick Hunchbacks : RHP Willie Cameron
Batting: RHB José Casarreal 0-0: Called Strike
0-1: Foul Ball, location: 2F
0-2: Foul Ball, location: 2F
0-2: Reached on Error, E9 (Popup, 9S)
Batting: RHB Jim Unknown 0-0: Ball
1-0: Ball
2-0: Called Strike
2-1: Called Strike
2-2: Ground out 5-3 (Groundball, 56S)
José Casarreal to second
Batting: RHB Jim Unknown 0-0: Ball
1-0: Called Strike
1-1: Ball
2-1: Foul Ball, location: 2F
2-2: Ball
3-2: SINGLE (Flyball, 9LM) - OUT at second base trying to stretch hit.
José Casarreal scores
Batting: RHB Manuel González 0-0: Ball
1-0: Foul Ball, location: 2F
1-1: Ball
2-1: Called Strike
2-2: Ball
3-2: Foul Ball, location: 2F
3-2: Fly out, F7 (Flyball, 78M)
Top of the 8th over - 1 run(s), 1 hit(s), 1 error(s), 0 left on base; Gryfindor 3 - Warwick 12
BOTTOM OF THE 8TH
Warwick Hunchbacks batting - Pitching for Gryfindor Braves : RHP Masaharu Suto
Batting: LHB David Barrett 0-0: Foul Ball, location: 2F
0-1: Reached on error, E3 (Groundball, 3L)
Batting: RHB Jim Browning 0-0: Swinging Strike
0-1: Foul Ball, location: 2F
0-2: Strikes out looking
Batting: LHB Javier Pérez 0-0: Called Strike
0-1: Ball
1-1: Swinging Strike
1-2: Foul Ball, location: 2F
1-2: Grounds into double play, 3-6-3 (Groundball, 3)
Bottom of the 8th over - 0 run(s), 0 hit(s), 1 error(s), 0 left on base; Gryfindor 3 - Warwick 12
TOP OF THE 9TH
Gryfindor Braves batting - Pitching for Warwick Hunchbacks : RHP Willie Cameron
Pitching: RHP Henry Hart
Batting: RHB Jim Unknown 0-0: Ball
1-0: Foul Ball, location: 2F
1-1: Foul Ball, location: 2F
1-2: Ball
2-2: Ball
3-2: Strikes out looking
Batting: RHB Kyle Wilson 0-0: Ball
1-0: Ball
2-0: Foul Ball, location: 2F
2-1: Called Strike
2-2: Foul Ball, location: 2F
2-2: Strikes out swinging
Batting: LHB Jim Unknown 0-0: Called Strike
0-1: Ball
1-1: Fly out, F7 (Flyball, 7M)
Top of the 9th over - 0 run(s), 0 hit(s), 0 error(s), 0 left on base; Gryfindor 3 - Warwick 12
This league is powered by Out of the Park Baseball, the baseball management simulation game for PC, Mac and Linux
Saturday, February 27th, 2021 - OOTP Baseball 15.6 Build 34